 Dungeon Crawl Stone Soup version 0.30-a0-1114-gd936c97349 (webtiles) character file.

Game seed: 133832943831911867

2403 cforsyth the Shield-Bearer (level 9, -4/58 (75) HPs)
             Began as a Demigod Fighter on Apr 20, 2023.
             Slain by a wight
             ... wielding a +0 hand axe
              (10 damage)
             ... on level 7 of the Dungeon.
             The game lasted 00:08:39 (6555 turns).

cforsyth the Shield-Bearer (Demigod Fighter)        Turns: 6555, Time: 00:08:39

HP:   -4/58 (75)    AC: 13    Str: 35    XL:     9   Next: 3%
MP:   11/11         EV: 10    Int: 10    God:
Gold: 531           SH:  5    Dex: 13    Spells: 8/8 levels left

rFire   . . .      SeeInvis .    v - +2 whip (freeze)
rCold   . . .      Faith    .    c - +0 buckler
rNeg    . . .      Spirit   .    b - +0 scale mail
rPois   +          Reflect  .    i - +1 helmet
rElec   .          Rampage  .    (no cloak)
rCorr   .                        r - +2 pair of gloves
Will    .....                    (no boots) Stlth
                                 (no amulet)
HPRegen 0.29/turn                g - ring of poison resistance
MPRegen 0.12/turn                C - +6 ring of strength

@: studying Ranged Weapons, heavily drained
A: high MP 1, forlorn, divine attributes
a: no special abilities


You were on level 7 of the Dungeon.
You visited 1 branch of the dungeon, and saw 8 of its levels.
You also visited: Ossuary.

You collected 531 gold pieces.

Inventory:

Hand Weapons
 a - a +0 flail
 v - a +2 whip of freezing (weapon)
Missiles
 B - a throwing net (quivered)
Armour
 b - a +0 scale mail (worn)
 c - a +0 buckler (worn)
 i - a +1 helmet (worn)
 r - a +2 pair of gloves (worn)
Jewellery
 g - a ring of poison resistance (left hand)
 j - a ring of fire
 C - a +6 ring of strength (right hand)
 D - a ring of fire
Wands
 k - a wand of iceblast (14)
 w - a wand of flame (15)
 E - a wand of polymorph (4)
Scrolls
 h - 4 scrolls of identify
 m - 6 scrolls of teleportation
 n - 3 scrolls of amnesia
 q - 6 scrolls of noise
 s - 3 scrolls of magic mapping {unknown}
 t - a scroll of fear {unknown}
 u - a scroll of enchant armour {unknown}
 x - a scroll of brand weapon {unknown}
 y - 2 scrolls of silence {unknown}
 F - a scroll of poison {unknown}
 J - 2 scrolls of immolation
 L - a scroll of summoning {unknown}
 M - a scroll of fog {unknown}
Potions
 d - 3 potions of might
 e - 2 potions of invisibility
 f - 4 potions of heal wounds {unknown}
 l - 5 potions of curing {unknown}
 o - 2 potions of attraction
 p - 3 potions of lignification {unknown}
 z - 11 potions of degeneration
 A - a potion of cancellation {unknown}
 G - a potion of resistance {unknown}
 H - a potion of magic {unknown}
 I - 2 potions of mutation
 K - a potion of brilliance {unknown}


   Skills:
 + Level 6.3 Fighting
 + Level 5.9 Maces & Flails
 + Level 6.2 Armour
 + Level 6.3 Shields


You had 8 spell levels left.
You didn't know any spells.
Your spell library contained the following spells:

 Spells                   Type           Power      Damage    Failure   Level
 Apportation              Tloc           0%         N/A       65%         1
 Magic Dart               Conj           0%         1d3       65%         1
 Necrotise                Necr           0%         1d4       65%         1
 Summon Small Mammal      Summ           0%         N/A       65%         1
 Call Imp                 Summ           0%         N/A       78%         2
 Mephitic Cloud           Conj/Pois/Air  0%         N/A       95%         3
 Conjure Ball Lightning   Conj/Air       0%         3x3d6     100%        6
 Discord                  Hex            0%         N/A       100%        8
 Disjunction              Tloc           0%         N/A       100%        8


Dungeon Overview and Level Annotations

Branches:
Dungeon (8/15)            Ossuary (visited)
 Temple: D:4-7         Lair: D:8-11

Shops:
D:5 [


Innate Abilities, Weirdness & Mutations

You have an increased reservoir of magic. (+10% MP)
You shall have no god before yourself.
Your divine heritage dramatically boosts your attributes as you level up.


Message History

You have reached level 9!
Your experience leads to a dramatic increase in your attributes!
Your base attributes are Str 25, Int 10, Dex 13.
Increase (S)trength, (I)ntelligence, or (D)exterity?
You feel stronger. x4
The wight completely misses you.
Unknown command.
The wight hits you with a +3 halberd!
* * * LOW HITPOINT WARNING * * *
You feel drained.
* * * LOW HITPOINT WARNING * * *
Items here: )) [[.
You whack the wight!
The wight is heavily damaged.
The wight hits you but does no damage.
You hit the wight but do no damage.
The wight is heavily damaged.
You hit the wight but do no damage.
The wight is heavily damaged.
You block the wight's attack.
You hit the wight.
The wight is severely damaged.
The wight hits you with a +3 halberd!
* * * LOW HITPOINT WARNING * * *
You whack the wight!
You destroy the wight!
You barely miss the wight. You block the wight's attack.
You barely miss the wight. The wight closely misses you.
You hit the wight.
The wight is moderately damaged.
You hit the wight.
The wight is heavily damaged.
The wight barely misses you.
You barely miss the wight.
The wight is heavily damaged.
The wight hits you but does no damage.
You hit the wight.
The wight is severely damaged.
The wight hits you with a +0 hand axe!
You die...

...#.# #......#####
#.#...... +..........#
#.........# #..........#
#.._..._..# #.####.....#
#.........# #..........#
..........###.###.######
...........## #.########
._..._..._..#####..(......
..........†..z@.'_.....[..
............#####.........
..........z.......########
..._..._.#.######.#
............. #.#
....#.......... #.#
...##.#...###.....#
......#+### ##...# .#. ..
### #....#.#.# #.


You could see a wight.

Vanquished Creatures
  Pikel (D:4)
  2 water moccasins
  2 black bears
  2 ogres (D:5)
  4 lemures (D:3)
  2 phantoms
  A bullfrog (D:8)
  A scorpion (D:5)
  3 wights (D:7)
  2 centaur zombies (Ossuary)
  2 human zombies (Ossuary)
  A jelly (D:8)
  A gnoll bouda (D:5)
  4 hounds
  4 orc priests
  3 iguanas
  A sleepcap (D:5)
  5 orc wizards
  4 mummies (Ossuary)
  7 gnolls
  7 adders
  A shadow imp (D:5)
  A white imp (D:6)
  An ufetubus (D:5)
  2 worms (D:2)
  5 dart slugs
  12 orcs
  5 endoplasms
  8 giant cockroaches
  5 goblins
  9 hobgoblins
  5 kobolds
  5 quokkas
  4 ball pythons
  2 bats
  3 frilled lizards
  3 gnoll zombies (Ossuary)
  An orc zombie (Ossuary)
  14 rats
145 creatures vanquished.

Notes
Turn   | Place    | Note
-------+----------+-------------------------------------------
     0 | D:1      | cforsyth the Demigod Fighter began the quest for the Orb.
     0 | D:1      | Reached XP level 1. HP: 18/18 MP: 3/3
   403 | D:1      | Reached XP level 2. HP: 25/25 MP: 4/4
  1098 | D:2      | Reached XP level 3. HP: 31/31 MP: 5/5
  2330 | D:3      | Reached XP level 4. HP: 37/38 MP: 6/6
  2810 | D:4      | Reached XP level 5. HP: 31/45 MP: 7/7
  3328 | D:4      | Reached XP level 6. HP: 52/52 MP: 8/8
  3466 | D:4      | Noticed Pikel
  3825 | D:4      | Killed Pikel
  3826 | D:4      | Reached XP level 7. HP: 54/60 MP: 9/9
  4016 | D:5      | Entered Level 5 of the Dungeon
  4045 | D:5      | Reached skill level 5 in Shields
  4072 | D:5      | Reached skill level 5 in Fighting
  4129 | D:5      | Reached skill level 5 in Armour
  4336 | D:5      | Found Zuoh's Armour Shop.
  4351 | D:5      | Reached XP level 8. HP: 41/68 MP: 10/10
  4608 | D:5      | Reached skill level 5 in Maces & Flails
  5923 | D:7      | You fall into a shaft and drop 1 floor!
  5926 | D:8      | Found a sand-covered staircase.
  5930 | Ossuary  | Entered an ossuary
  6543 | D:7      | Reached XP level 9. HP: 25/59 MP: 11/11
  6555 | D:7      | Slain by a wight

Illustrated notes

Levels and vault maps discovered:
D:1:      minmay_arrival_widening_spiral_narrow, layout_loops_ring,
          dreamdust_wishing_well, minmay_hexomino_f4
D:2:      layout_basic
D:3:      minmay_door_path, layout_loops_ring,
          hellmonk_ecumenical_altar_defaced_shrine, kennysheep_donut,
          solitary_fountain
D:4:      layout_basic, uniq_pikel
D:5:      layout_basic, mainiacjoe_overflow_six_doors_small,
          nicolae_overflow_squiral, serial_shops, shop
D:6:      layout_cave_pools, elyvilon_altar_1, mainiacjoe_overflow_24_doors
D:7:      layout_basic, overflow_temple_1_default, nicolae_xom_altar_mimics,
          minmay_temple_entry_mist
D:8:      layout_basic, grunt_gozag_statues, nicolae_uskayaw_suspiria,
          nicolae_ossuary_entry_ruins, minmay_manual_mullet

Skill      XL: |  1  2  3  4  5  6  7  8 |
---------------+-------------------------+-----
Maces & Flails | 2 3 4 5 |  5.9
Shields        | 3 4 5 6 |  6.3
Armour         | 3 4 5 6 |  6.2
Fighting       | 3 4 5 6 |  6.3

Action                     |  1- 3 |  4- 6 |  7- 9 || total
---------------------------+-------+-------+-------++-------
  Melee: Flail             |   149 |   187 |       ||   336
         Whip              |       |       |   338 ||   338
    Use: Potion            |       |     2 |       ||     2
         Scroll            |       |       |     3 ||     3
 Armour: Scale mail        |    67 |   129 |   142 ||   338
  Dodge: Dodged            |    53 |    98 |   127 ||   278
  Block: Buckler           |    25 |    43 |    84 ||   152

Table legend: (Time is in decaauts)
 A = Elapsed time spent in this place.
 B = Non-inter-level travel time spent in this place.
 C = Inter-level travel time spent in this place.
 D = Time resting spent in this place.
 E = Time spent auto-exploring this place.
 F = Levels seen in this place.
 G = Mean time per level.
                   A        B        C        D        E       F      G
               +--------+--------+--------+--------+--------+-----+--------+
         Total |   6615 |   6501 |    114 |    696 |   4359 |   9 |  735.0 |
       Dungeon |   6341 |   6227 |    114 |    696 |   4211 |   8 |  792.6 |
       Ossuary |    274 |    274 |      0 |      0 |    148 |   1 |  274.0 |
               +--------+--------+--------+--------+--------+-----+--------+

Top non-repeatable levels by time:
     D:3: 1629 daAuts
     D:4: 1211 daAuts
     D:5: 941 daAuts
     D:1: 901 daAuts
     D:6: 634 daAuts
     D:2: 568 daAuts
     D:7: 336 daAuts
 Ossuary: 274 daAuts
     D:8: 118 daAuts
